 Dungeon Crawl Stone Soup version 0.29.1-15-g9cfb28693d (webtiles) character file.

Game seed: 16303230381097089623

4932 adizb the Slicer (level 10, -16/68 (69) HPs)
             Began as an Octopode Brigand on Apr 19, 2023.
             Was an Initiate of Ru.
             Demolished by an orc warrior
             ... wielding a +0 battleaxe
              (25 damage)
             ... on level 9 of the Dungeon on Apr 21, 2023.
             The game lasted 00:48:54 (7204 turns).

adizb the Slicer (Octopode Brigand)                 Turns: 7204, Time: 00:48:55

HP:   -16/68 (69)   AC:  1    Str: 10    XL:     10   Next: 52%
MP:   11/11         EV: 16    Int: 13    God:    Ru [......]
Gold: 427           SH:  0    Dex: 19    Spells: 7/13 levels left

rFire   . . .      SeeInvis .   H - +4 dagger (freeze)
rCold   . . .      Faith    .   (no shield)
rNeg    + . .      Spirit   .   (helmet restricted)
rPois   .          Reflect  .   A - amulet of the acrobat
rElec   .          Harm     .   F - ring of positive energy
rCorr   .          Rampage  .   (no ring)
Will    .....                   (no ring)
Stlth   ++++++....              (no ring)
HPRegen 0.21/turn               (no ring)
MPRegen 0.12/turn               (no ring)
                                (no ring)
                                (no ring)

@: lightly drained
A: almost no armour, amphibious, 8 rings, camouflage 1, low MP 1, gelatinous
body 1, (nimble swimmer 1), tentacles
a: Renounce Religion


You were on level 9 of the Dungeon.
You worshipped Ru.
Ru was noncommittal.
You visited 2 branches of the dungeon, and saw 10 of its levels.
You also visited: Sewer.

You collected 457 gold pieces.
You spent 30 gold pieces at shops.

Inventory:

Hand Weapons
 a - a +2 dagger
 m - a +2 dagger of venom
 p - a +2 short sword of venom
 w - a +0 dagger of protection
 y - a +2 dagger of electrocution
 H - a +4 dagger of freezing (weapon)
Missiles
 b - 24 poisoned darts (quivered)
 c - 4 curare-tipped darts
 o - 3 atropa-tipped darts
 q - 2 javelins
Armour
 G - a +0 kite shield
Jewellery
 d - a ring of ice
 A - an amulet of the acrobat (around mantle)
 B - an amulet of magic regeneration
 F - a ring of positive energy (left tentacle)
Wands
 u - a wand of roots (3)
Scrolls
 e - 2 scrolls of fear
 h - a scroll of enchant armour
 j - 7 scrolls of teleportation
 k - 3 scrolls of blinking
Potions
 f - 3 potions of invisibility
 g - 3 potions of lignification
 i - 3 potions of attraction {unknown}
 l - 3 potions of curing
 n - 3 potions of haste {unknown}
 r - 3 potions of might
 s - 3 potions of ambrosia
 t - a potion of cancellation {unknown}
 v - 4 potions of resistance {unknown}
 x - a potion of mutation {unknown}
 C - 2 potions of berserk rage {unknown}
 D - a potion of heal wounds {unknown}
 E - a potion of degeneration {unknown}


   Skills:
 + Level 6.8 Fighting
 + Level 11.3 Short Blades
 + Level 9.0 Throwing
 - Level 5.9 Dodging
 + Level 10.3 Stealth
 + Level 2.1 Spellcasting
 * Level 3.6 Translocations


You had 7 spell levels left.
You knew the following spells:

 Your Spells              Type           Power      Damage    Failure   Level
a - Teleport Other        Tloc           10%        N/A       17%         3
b - Lesser Beckoning      Tloc           10%        N/A       17%         3

Your spell library contained the following spells:

 Spells                   Type           Power      Damage    Failure   Level
 Apportation              Tloc           20%        N/A       5%          1
 Gell's Gravitas          Tloc           10%        N/A       17%         3
 Necrotise                Necr           4%         1d4       26%         1
 Summon Small Mammal      Summ           4%         N/A       26%         1
 Portal Projectile        Hex/Tloc       12%        N/A       34%         3
 Call Canine Familiar     Summ           1%         N/A       58%         3
 Leda's Liquefaction      Hex/Erth       0%         N/A       94%         4


Dungeon Overview and Level Annotations

Branches:
Dungeon (9/15)             Temple (1/1) D:7           Sewer (visited)
   Lair: D:8-11         Orc: D:9-12

Altars:
Ashenzari
Cheibriados
Dithmenos
Elyvilon
Fedhas
Gozag
Hepliaklqana
Kikubaaqudgha
Makhleb
Nemelex Xobeh
Okawaru
Qazlal
Ru
Sif Muna
Trog
Uskayaw
Vehumet
Wu Jian
Xom
Yredelemnul
Zin
The Shining One

Shops:
D:2 (   D:3 ?   D:6 =   D:8 [:

Annotations:
D:5 Duvessa


Innate Abilities, Weirdness & Mutations

You cannot wear most types of armour.
You are amphibious.
You can wear up to eight rings at the same time.
Your skin changes colour to match your surroundings (Stealth+).
Your magical capacity is low. (-10% MP)
Your rubbery body absorbs attacks. (AC +1, EV +1)
((You are camouflaged when in or above water. (Stealth+)))
You have tentacles for arms and can constrict up to eight enemies at once.


Message History

You throw a poisoned dart. The poisoned dart hits the orc warrior.
Throw: 27 darts (poison)
Press: ? - help, Q - select action, (/) - cycle Shift-Dir - straight line, f/p - orc warrior
Aim: an orc warrior, wielding a +0 battleaxe and wearing a +0 chain mail (65% to hit)
You throw a poisoned dart. The poisoned dart hits the orc warrior!
The orc warrior is poisoned.
A centaur comes into view.
You feel a bit more experienced.
There is a stone staircase leading up here.
Throw: 26 darts (poison)
Press: ? - help, Q - select action, (/) - cycle Shift-Dir - straight line, f - centaur, p - orc warrior
Aim: a centaur (77% to hit)
You throw a poisoned dart.
The poisoned dart closely misses the orc warrior.
The poisoned dart hits the centaur!
The centaur is poisoned.
Throw: 25 darts (poison)
Press: ? - help, Q - select action, (/) - cycle Shift-Dir - straight line, f - orc warrior, p - centaur
Aim: an orc warrior, wielding a +0 battleaxe and wearing a +0 chain mail (lightly wounded, poisoned, 65% to hit)
You throw a poisoned dart. The poisoned dart hits the orc warrior.
The orc warrior looks even sicker.
The orc warrior is lightly wounded.
You hit the orc warrior. You freeze the orc warrior. You grab the orc warrior.
You squeeze the orc warrior.
The orc warrior is moderately wounded.
You constrict the orc warrior, but do no damage.
You puncture the orc warrior! You freeze the orc warrior.
The orc warrior is severely wounded.
You constrict the orc warrior.
The orc warrior hits you with a +0 battleaxe!
You hit the orc warrior but do no damage.
The orc warrior is severely wounded.
You constrict the orc warrior, but do no damage.
You barely miss the orc warrior.
The orc warrior is severely wounded.
You constrict the orc warrior.
The orc warrior hits you with a +0 battleaxe!
* * * LOW HITPOINT WARNING * * *
You release your grip on the orc warrior.
The orc warrior hits you with a +0 battleaxe!!
You die...

### #@#
#o# #c#
#.#
####.#
#..o.#
#o####
#.#
#o....#


You could see an orc warrior (poisoned), a centaur (very poisoned) and an orc
wizard (wandering).

Vanquished Creatures
  Pikel (D:8)
  Grinder (Sewer)
  Sigmund (D:5)
  A wyvern (D:7)
  Eustachio (D:6)
  A sky beast (D:8)
  A centaur (D:8)
  An ogre (D:5)
  A phantom (Sewer)
  3 kobold brigands
  5 bullfrogs
  A gnoll sergeant (D:7)
  A scorpion (D:4)
  A necrophage (D:7)
  Dowan (D:5)
  10 wights (D:8)
  A howler monkey (D:6)
  A hound (D:4)
  3 jellies
  Jessica (D:2)
  3 iguanas
  Terence (D:2)
  2 orc wizards
  4 adders
  9 gnolls
  3 shadow imps (Sewer)
  3 ufetubi
  2 worms
  4 dart slugs
  15 orcs
  8 ball pythons
  2 bat zombies (Sewer)
  12 endoplasms
  3 giant cockroaches
  8 goblins
  9 hobgoblins
  2 quokkas (D:2)
  7 bats
  4 frilled lizards (D:2)
  31 kobolds
  2 kobold zombies (Sewer)
  4 rats
175 creatures vanquished.

Notes
Turn   | Place    | Note
-------+----------+-------------------------------------------
     0 | D:1      | adizb the Octopode Brigand began the quest for the Orb.
     0 | D:1      | Reached XP level 1. HP: 14/14 MP: 1/1
    57 | D:1      | Found a faded altar of an unknown god.
   237 | D:1      | Reached XP level 2. HP: 19/19 MP: 2/2
   666 | D:2      | Reached XP level 3. HP: 14/24 MP: 3/3
   773 | D:2      | Identified the +1 helmet of the Wonderful God {Will+}
   917 | D:2      | Found Xeanuol's Weapon Shoppe.
   930 | D:2      | Reached XP level 4. HP: 6/30 MP: 4/4
   991 | D:2      | Noticed Jessica
   997 | D:2      | Killed Jessica
  1167 | D:2      | Noticed Terence
  1184 | D:2      | Killed Terence
  1185 | D:2      | Reached XP level 5. HP: 19/35 MP: 5/5
  1360 | D:3      | Identified the +9 mace "Luocze" {vorpal, *Rage rF++ rC+
                  | Int+4}
  1380 | D:3      | Found Vyschuwi's Magic Scroll Boutique.
  1389 | D:3      | Bought a scroll of teleportation for 30 gold pieces
  1528 | D:3      | Found a glowing drain.
  1538 | Sewer    | Entered a sewer
  1697 | Sewer    | Found an ancient bone altar of Kikubaaqudgha.
  1697 | Sewer    | Noticed a kobold brigand
  1720 | Sewer    | Killed a kobold brigand
  1721 | Sewer    | Reached skill level 3 in Short Blades
  1721 | Sewer    | Reached XP level 6. HP: 38/42 MP: 6/6
  2025 | Sewer    | Noticed Grinder
  2061 | Sewer    | Paralysed by Grinder for 5 turns
  2066 | Sewer    | Killed Grinder
  2067 | Sewer    | Reached XP level 7. HP: 10/46 MP: 7/7
  2140 | D:3      | Reached skill level 6 in Short Blades
  2140 | D:3      | Reached skill level 5 in Dodging
  2140 | D:3      | Reached skill level 10 in Stealth
  2140 | D:3      | Reached XP level 8. HP: 26/58 MP: 8/8
  2141 | D:3      | Reached skill level 11 in Short Blades
  2141 | D:3      | Reached XP level 9. HP: 29/63 MP: 9/9
  2932 | D:5      | Entered Level 5 of the Dungeon
  3542 | D:5      | Found a blossoming altar of Fedhas.
  3611 | D:5      | Found a shadowy altar of Dithmenos.
  3612 | D:5      | Found a hazy altar of Hepliaklqana.
  3745 | D:5      | Learned a level 3 spell: Teleport Other
  3749 | D:5      | Learned a level 3 spell: Lesser Beckoning
  3804 | D:5      | Noticed Dowan
  3805 | D:5      | Noticed Duvessa
  3824 | D:5      | Killed Dowan
  4006 | D:5      | Noticed Sigmund
  4010 | D:5      | Killed Sigmund
  4011 | D:5      | Reached skill level 1 in Translocations
  4364 | D:6      | Found Icaschac's One-of-a-Kind Rings.
  4730 | D:6      | Noticed Eustachio
  4733 | D:6      | Killed Eustachio
  4734 | D:6      | Reached skill level 1 in Spellcasting
  5176 | D:7      | Found an iron altar of Okawaru.
  5297 | D:7      | Reached XP level 10. HP: 40/69 MP: 10/12
  5567 | D:7      | Found a staircase to the Ecumenical Temple.
  5590 | Temple   | Entered the Ecumenical Temple
  5628 | Temple   | Became a worshipper of Ru the Awakened
  5672 | D:7      | Found an ornate altar of the Wu Jian Council.
  5674 | D:7      | Found a sparkling altar of Nemelex Xobeh.
  5674 | D:7      | Found a white marble altar of Elyvilon.
  5824 | D:7      | Found a burning altar of Makhleb.
  5830 | D:7      | Identified the +1 robe "Romounn" {*Corrode +Inv Dex+2 SInv}
  6562 | D:8      | Found a snail-covered altar of Cheibriados.
  6564 | D:8      | Found Cheibriados's Comfort Zone.
  6622 | D:8      | Found Kose's Book Shoppe.
  6834 | D:8      | Noticed Pikel
  6844 | D:8      | Killed Pikel
  6988 | D:8      | Gained mutation: Your magical capacity is low. (-10% MP)
                  | [Ru sacrifice]
  7204 | D:9      | Demolished by an orc warrior

Illustrated notes

Levels and vault maps discovered:
D:1:      lemuel_arrival_funnel, layout_basic, dreamdust_ecumenical_altar_grove
D:2:      layout_rooms, serial_shops, nicolae_shop_bloodbath_and_beyond,
          eino_tiny_chamber, minmay_misc_feat_rows, uniq_jessica, uniq_terence
D:3:      layout_loops_ring, serial_shops, shop_statue,
          cheibrodos_sewer_entry_bend, minmay_misc_feat_pillars
D:4:      layout_cave_pods, serial_column_ruins, column_ruins_hut_pillars,
          column_ruins_open_tiny, column_ruins_open_large,
          column_ruins_open_tiny, column_ruins_corridor_corner
D:5:      layout_loops_ring, kennysheep_mini,
          riverfiend_overflow_shadow_ancestor, minmay_fountain_box,
          kennysheep_generic_room_5, uniq_duvessa, uniq_sigmund
D:6:      layout_basic, nicolae_shop_unique_rings,
          chequers_serial_rivers_micro_a, uniq_eustachio
D:7:      layout_basic, nicolae_overflow_quartered_altars,
          okawaru_altar_gauntlet_db, minmay_temple_entry_statues_fountains
D:8:      layout_cave_pods, serial_shops, nicolae_shop_statue_plus,
          minmay_shop_chei, uniq_pikel
D:9:      layout_basic, gammafunk_ghost_necromancy
Temple:   eino_temple_lava

Skill      XL: |  1  2  3  4  5  6  7  8  9 10 |
---------------+-------------------------------+-----
Throwing       | 3 4 8 9 |  9.0
Dodging        | 2 3 5 |  5.9
Stealth        | 6 10 | 10.3
Fighting       | 3 6 |  6.8
Short Blades   | 3 6 11 | 11.3
Translocations | 2 3 |  3.6
Spellcasting   | 1 2 |  2.1

Action                   |  1- 3 |  4- 6 |  7- 9 | 10-12 || total
-------------------------+-------+-------+-------+-------++-------
Melee: Dagger            |    42 |    52 |       |    51 ||   145
       Constrict         |    12 |    24 |    16 |    19 ||    71
       Tentacles         |     8 |    26 |    22 |    40 ||    96
       Punch             |       |     1 |     3 |       ||     4
       Short sword       |       |    51 |   102 |    48 ||   201
Throw: Dart              |    26 |    23 |    24 |    26 ||    99
       Boomerang         |       |       |       |    22 ||    22
Invok: Sacrifice Essence |       |       |       |     1 ||     1
  Use: Potion            |       |     3 |     3 |       ||     6
       Scroll            |       |     7 |     9 |       ||    16
 Stab: Sleeping          |     8 |    12 |    15 |     5 ||    40
       Invisible         |       |     1 |       |       ||     1
Armor: Skin              |     2 |     7 |     1 |     1 ||    11
Dodge: Dodged            |    20 |    52 |    39 |    32 ||   143
